[Event "Titled Tuesday Blitz March 14 Early 2023"]
[White "Lobanov, Sergei"]
[Black "Skatchkov, Pavel"]
[WhiteFideId "24183750"]
[BlackFideId "4121848"]
[WhiteElo "2489"]
[BlackElo "2476"]
[Result "1/2-1/2"]
[Round "04"]
[TimeControl "180+2"]
[Date "2023.03.14"]
[WhiteClock "0:00:45"]
[BlackClock "0:00:13"]

1. d4 Nf6 2. c4 e6 3. Nc3 d5 4. cxd5 exd5 5. Bg5 Bb4 6. e3 h6 7. Bh4 g5 8. Bg3 Ne4 9. Ne2 h5 10. h3 Nc6 11. Bh2 g4 12. hxg4 Qh4 13. g3 Qf6 14. Bg1 Bxg4 15. Qb3 O-O-O 16. a3 Ba5 17. Rh4 Rhe8 18. Bh3 Qf3 19. Qc2 Kb8 20. Kf1 Qf5 21. Kg2 Qf3+ 22. Kf1 Qf5 23. Kg2 Qf3+ 24. Kf1 1/2-1/2


[Site "https://www.chess.com"]

[Event "Titled Tuesday Blitz March 14 Early 2023"]
[White "Postny, Evgeny"]
[Black "Turgut, Aydin"]
[WhiteFideId "2804344"]
[BlackFideId "2078791"]
[WhiteElo "2509"]
[BlackElo "2259"]
[Result "0-1"]
[Round "04"]
[TimeControl "180+2"]
[Date "2023.03.14"]
[WhiteClock "0:00:01"]
[BlackClock "0:00:04"]

1. e4 e5 2. Nf3 Nc6 3. Bc4 Bc5 4. c3 Nf6 5. d3 d6 6. Nbd2 a6 7. a4 Ba7 8. Nf1 O-O 9. Ne3 Ne7 10. O-O c6 11. Bb3 Ng6 12. Bc2 d5 13. exd5 cxd5 14. d4 e4 15. Ne5 Bb8 16. f4 exf3 17. Nxf3 Ne4 18. c4 Nf6 19. cxd5 Nxd5 20. Nxd5 Qxd5 21. Bb3 Qd6 22. Be3 Bg4 23. g3 Bc7 24. Qd3 Bxf3 25. Rxf3 Ne5 26. Qf1 Nxf3+ 27. Qxf3 Bb6 28. Rd1 Rae8 29. Bf2 Re7 30. Kg2 Rd8 31. Rd3 Qb4 32. Qf4 Red7 33. Rf3 Kh8 34. Bc2 Qd6 35. Qh4 g6 36. Rf4 Qe7 37. Qh6 Bxd4 38. Rh4 f5 39. Bxd4+ Rxd4 40. Rxd4 Rxd4 41. Kh3 Rd8 42. Bb3 Qg7 43. Qg5 Rf8 44. Qf4 Qf6 0-1


[Site "https://www.chess.com"]

[Event "Titled Tuesday Blitz March 14 Early 2023"]
[White "Melikyan, Gnel"]
[Black "Smirnov, Pavel"]
[WhiteFideId "54109990"]
[BlackFideId "4123425"]
[WhiteElo "2138"]
[BlackElo "2519"]
[Result "1-0"]
[Round "04"]
[TimeControl "180+2"]
[Date "2023.03.14"]
[WhiteClock "0:00:15"]
[BlackClock "0:00:01"]

1. e4 e5 2. Nf3 Nc6 3. d4 exd4 4. Nxd4 Nf6 5. Nxc6 bxc6 6. e5 Qe7 7. Qe2 Nd5 8. c4 Nb6 9. Nc3 Qe6 10. Qe4 Bb7 11. f4 Bb4 12. f5 Qe7 13. Bd3 O-O-O 14. O-O Rhe8 15. Re1 d5 16. cxd5 cxd5 17. Qg4 Qc5+ 18. Be3 d4 19. Bf2 Rxe5 20. f6+ Kb8 21. fxg7 Rg5 22. Qh4 Rxg2+ 23. Kf1 Rg8 24. Ne4 Qd5 25. Kxg2 Rxg7+ 26. Bg3 f5 27. Kg1 Bxe1 28. Rxe1 fxe4 29. Bxe4 Qe6 30. Qd8+ Nc8 31. Qxd4 Re7 32. Bxb7 1-0


[Site "https://www.chess.com"]

[Event "Titled Tuesday Blitz March 14 Early 2023"]
[White "Vlassov, Nikolai"]
[Black "Khoroshev, Nikita"]
[WhiteFideId "4103360"]
[BlackFideId "14200287"]
[WhiteElo "2324"]
[BlackElo "2354"]
[Result "1/2-1/2"]
[Round "04"]
[TimeControl "180+2"]
[Date "2023.03.14"]
[WhiteClock "0:00:12"]
[BlackClock "0:00:15"]

1. e4 c5 2. c3 Nf6 3. e5 Nd5 4. d4 cxd4 5. cxd4 d6 6. Bc4 Nb6 7. Bb3 dxe5 8. Qh5 e6 9. dxe5 Nc6 10. Nc3 Qd3 11. Bf4 Bb4 12. Ne2 Nd5 13. Rd1 Qg6 14. Qxg6 hxg6 15. Bxd5 exd5 16. O-O Bxc3 17. Nxc3 Be6 18. Nxd5 Bxd5 19. Rxd5 Ke7 20. Bg5+ Ke6 21. Rd6+ Kxe5 22. Rfd1 Kf5 23. R1d5+ Ne5 24. f4 f6 25. fxe5 fxg5 26. g4+ Kxg4 27. Rxg6 Rac8 28. Rd2 Rhe8 29. e6 Re7 30. Rg2+ Kf3 31. Rf2+ Kg4 32. Rg2+ Kf3 33. Rg3+ Kf4 34. R6xg5 Rc1+ 35. Kg2 Rc2+ 36. Kh3 Rxe6 37. R3g4+ Kf3 38. Rf5+ Ke3 39. Rxg7 Rxb2 40. a4 Rh6+ 41. Kg3 Rhxh2 42. Re7+ Kd4 43. Rxb7 Rhg2+ 44. Kh3 Rh2+ 45. Kg3 Rxb7 46. Kxh2 Kc4 47. Ra5 Kb4 48. Ra6 Rg7 49. Kh3 Kc4 50. Kh4 Kd4 51. Kh5 Ke5 52. Kh6 Re7 53. Kg6 Rd7 54. Ra5+ Kd4 55. Kf5 Rd5+ 56. Rxd5+ Kxd5 57. a5 a6 58. Kf4 Kc5 59. Ke3 Kb5 60. Kd2 Kxa5 61. Kc1 Kb4 62. Kb1 a5 63. Ka1 a4 64. Kb1 a3 65. Ka1 a2 66. Kxa2 1/2-1/2


[Site "https://www.chess.com"]

[Event "Titled Tuesday Blitz March 14 Early 2023"]
[White "Lopez Mulet, Inigo"]
[Black "Costachi, Mihnea"]
[WhiteFideId "22235620"]
[BlackFideId "1217518"]
[WhiteElo "2289"]
[BlackElo "2456"]
[Result "0-1"]
[Round "04"]
[TimeControl "180+2"]
[Date "2023.03.14"]
[WhiteClock "0:00:16"]
[BlackClock "0:00:07"]

1. Nf3 Nf6 2. e3 g6 3. b3 Bg7 4. Bb2 O-O 5. d4 b6 6. Bd3 Bb7 7. Nbd2 d6 8. O-O Nbd7 9. Re1 Re8 10. e4 e5 11. d5 a5 12. a3 Rf8 13. b4 h6 14. Nc4 Nh5 15. bxa5 bxa5 16. a4 Nf4 17. Bc3 f5 18. Nxa5 Bc8 19. Nc6 Qf6 20. Qd2 fxe4 21. Bxe4 Nc5 22. a5 Nxg2 23. Nfxe5 Nxe4 24. Rxe4 dxe5 25. Bxe5 Qf3 26. Bxg7 Qxe4 27. Qxh6 Bf5 28. Ne5 Qh4 29. Bxf8 Rxf8 30. Qxh4 Nxh4 31. a6 Ra8 32. c4 Be4 33. Ra3 Kf8 34. a7 Nf5 35. Nc6 Ne7 36. Nd4 Nxd5 37. cxd5 Bxd5 38. Nb5 Rd8 39. Nxc7 Ba8 40. Rb3 Rd1# 0-1


[Site "https://www.chess.com"]

[Event "Titled Tuesday Blitz March 14 Early 2023"]
[White "Sokac, Marko"]
[Black "EREBUNI91"]
[WhiteFideId "14531356"]
[WhiteElo "2355"]
[BlackElo "2757"]
[Result "0-1"]
[Round "04"]
[TimeControl "180+2"]
[Date "2023.03.14"]
[WhiteClock "0:00:08"]
[BlackClock "0:00:20"]

1. e4 c5 2. a3 d6 3. b4 Nf6 4. Nc3 g6 5. h4 Bg7 6. h5 Nxh5 7. Rxh5 gxh5 8. Qxh5 cxb4 9. axb4 Nc6 10. Bc4 Ne5 11. Bb3 Ng6 12. Nf3 e6 13. Bb2 Bd7 14. d4 Qe7 15. Na4 O-O-O 16. Qa5 Bxa4 17. Rxa4 b6 18. Qxa7 Qxa7 19. Rxa7 Rd7 20. Ra6 Kb7 21. Ra1 Rc7 22. c4 Nf4 23. Kd2 Nxg2 24. Rg1 Bh6+ 25. Kc2 Nf4 26. Bc1 f6 27. Rh1 Bg5 28. Nxg5 fxg5 29. Rh6 Re7 30. Be3 Rf8 31. c5 bxc5 32. bxc5 dxc5 33. dxc5 Kc6 34. Ba4+ Kc7 35. Bd4 e5 36. Bc3 Ne2 37. Rc6+ Kb7 38. Rb6+ Ka7 39. Bd2 Nd4+ 40. Kd3 Rxf2 41. Bxg5 Rc7 42. Rh6 Rxc5 43. Rxh7+ Kb6 44. Bd8+ Ka6 45. Rh6+ Kb7 46. Bb6 Rf3+ 47. Kd2 Rcc3 48. Bxd4 exd4 49. Re6 Rf2+ 50. Kd1 Ra3 51. Bc6+ Kc7 52. Ke1 Rc2 0-1


[Site "https://www.chess.com"]

[Event "Titled Tuesday Blitz March 14 Early 2023"]
[White "Reprintsev, Alexander"]
[Black "Skvortsov, Andrei"]
[WhiteFideId "14100541"]
[BlackFideId "24108600"]
[WhiteElo "2229"]
[BlackElo "2259"]
[Result "1/2-1/2"]
[Round "04"]
[TimeControl "180+2"]
[Date "2023.03.14"]
[WhiteClock "0:00:47"]
[BlackClock "0:00:40"]

1. e4 c5 2. b3 Nc6 3. Bb2 d6 4. f4 a6 5. Qf3 e5 6. Nc3 Nd4 7. Qd3 exf4 8. Nf3 Nxf3+ 9. Qxf3 Qh4+ 10. g3 fxg3 11. hxg3 Qf6 12. Qe3 Be6 13. O-O-O Qd8 14. Bc4 Qd7 15. Bxe6 fxe6 16. d4 cxd4 17. Qxd4 O-O-O 18. Na4 Qc6 19. c4 Nf6 20. e5 Ne8 21. Qg4 d5 22. Kb1 dxc4 23. Rxd8+ Kxd8 24. Rc1 b5 25. Qd4+ Kc8 26. Nb6+ Kb7 27. Nd7 Nc7 28. bxc4 b4 29. Rf1 Be7 30. Rf7 Re8 31. Rxg7 h5 32. Bc1 Bf8 33. Rf7 Be7 34. Be3 Kc8 35. Nb6+ Kb7 36. Nd7 Kc8 37. Nb6+ Kb7 38. Nd7 1/2-1/2


[Site "https://www.chess.com"]

[Event "Titled Tuesday Blitz March 14 Early 2023"]
[White "Deepan Chakkravarthy J."]
[Black "Kopczynski, Michal"]
[WhiteFideId "5011132"]
[BlackFideId "1124200"]
[WhiteElo "2367"]
[BlackElo "2212"]
[Result "1-0"]
[Round "04"]
[TimeControl "180+2"]
[Date "2023.03.14"]
[WhiteClock "0:01:27"]
[BlackClock "0:00:22"]

1. d4 Nf6 2. Nc3 g6 3. e4 d6 4. Nf3 Bg7 5. h3 O-O 6. Be3 Nbd7 7. Be2 e5 8. O-O c5 9. dxe5 dxe5 10. a4 Qe7 11. a5 h6 12. Bc4 Rd8 13. Qe2 Nb8 14. Rfd1 Rxd1+ 15. Qxd1 Nc6 16. Nd5 Nxd5 17. Bxd5 Bd7 18. c3 Rd8 19. Qb3 Kf8 20. Qxb7 Rb8 21. Qa6 Qd6 22. Qc4 Kg8 23. Bxf7+ Kh7 24. Bxc5 Qf6 25. b4 Bxh3 26. Rd1 Bg4 27. Rd6 Qf4 28. Be3 Nxa5 29. Qd5 Rb5 30. Qxb5 Qxe4 31. Qd3 Qxd3 32. Rxd3 e4 33. Rd5 Nc4 34. Nd2 Bxc3 35. Nxc4 Bxb4 36. Bxa7 Kg7 37. Bxg6 Kxg6 38. Ne5+ Kf5 39. Nxg4+ Kxg4 40. Rd4 Bf8 41. Rxe4+ Kh5 42. Ra4 Be7 43. Be3 Bg5 44. g3 1-0


[Site "https://www.chess.com"]

[Event "Titled Tuesday Blitz March 14 Early 2023"]
[White "Rom, Jasper"]
[Black "Cherniaiev, Tykhon"]
[WhiteFideId "2023733"]
[BlackFideId "14182360"]
[WhiteElo "2233"]
[BlackElo "2450"]
[Result "0-1"]
[Round "04"]
[TimeControl "180+2"]
[Date "2023.03.14"]
[WhiteClock "0:00:02"]
[BlackClock "0:00:03"]

1. e4 e5 2. Nf3 Nc6 3. Bb5 Nge7 4. O-O a6 5. Ba4 Ng6 6. c3 Be7 7. d4 exd4 8. cxd4 O-O 9. Nc3 d6 10. h3 Bd7 11. Re1 Re8 12. Bb3 Na5 13. Bc2 c5 14. Nd5 Rc8 15. b3 cxd4 16. Nxd4 Nc6 17. Nf5 Bf6 18. Rb1 Bxf5 19. exf5 Nge5 20. Be3 Nd7 21. Rc1 Bb2 22. Rb1 Bd4 23. Qg4 Nf6 24. Nxf6+ Bxf6 25. Rbd1 Qa5 26. Bb1 Nd4 27. Bd2 Rxe1+ 28. Bxe1 Qe5 29. Bd2 Re8 30. Be3 Nc6 31. Rc1 d5 32. Rd1 d4 33. Bf4 Qd5 34. Bg5 Ne5 35. Qg3 Bxg5 36. Qxg5 f6 37. Qh5 Rd8 38. Re1 d3 39. Rd1 d2 40. f4 Qd4+ 41. Kh1 Qxf4 42. Qe2 h6 43. Be4 Qg5 44. Bxb7 Qxf5 45. Bxa6 Qf4 46. Bc4+ Kh8 0-1


[Site "https://www.chess.com"]

[Event "Titled Tuesday Blitz March 14 Early 2023"]
[White "Aradhya, Garg"]
[Black "Gireman, Ja"]
[WhiteFideId "25006746"]
[BlackFideId "5043794"]
[WhiteElo "2263"]
[BlackElo "2153"]
[Result "1-0"]
[Round "04"]
[TimeControl "180+2"]
[Date "2023.03.14"]
[WhiteClock "0:00:26"]
[BlackClock "0:00:10"]

1. d4 Nf6 2. c4 g6 3. Nf3 d5 4. cxd5 Nxd5 5. e4 Nb6 6. a4 a5 7. Nc3 Bg7 8. Be3 O-O 9. h3 Bd7 10. Be2 Na6 11. O-O Rc8 12. Rc1 c5 13. Bxa6 bxa6 14. dxc5 Nc4 15. Bd4 Nxb2 16. Qc2 Bxd4 17. Nxd4 Nc4 18. Nb3 Ne5 19. Rfd1 Qe8 20. Nd5 Bxa4 21. Nb6 Rb8 22. Ra1 Bb5 23. Rxa5 Nc6 24. Ra3 Rb7 25. Qc3 Qb8 26. Nd7 Rd8 27. Nxb8 Rxd1+ 28. Kh2 Rxb8 29. Na5 Nxa5 30. Qxa5 Rc1 31. Qc7 Re8 32. h4 Rc4 33. Re3 Kf8 34. Qe5 f6 35. Qc7 Kf7 36. h5 gxh5 37. e5 Rh4+ 38. Kg1 f5 39. e6+ Kg6 40. Qe5 Rd8 41. Rg3+ Rg4 42. Rxg4+ hxg4 43. Qc7 Rd1+ 44. Kh2 Kf6 45. Qc8 Re1 46. c6 Rxe6 47. c7 1-0


[Site "https://www.chess.com"]

[Event "Titled Tuesday Blitz March 14 Early 2023"]
[White "Atakhan, Abtin"]
[Black "Bas Mas, Jose Joaquin"]
[WhiteFideId "22502203"]
[BlackFideId "22219064"]
[WhiteElo "2008"]
[BlackElo "2233"]
[Result "1/2-1/2"]
[Round "04"]
[TimeControl "180+2"]
[Date "2023.03.14"]
[WhiteClock "0:00:20"]
[BlackClock "0:00:25"]

1. c4 e6 2. Nf3 d5 3. g3 Nf6 4. Bg2 Be7 5. O-O O-O 6. b3 d4 7. e3 c5 8. exd4 cxd4 9. Bb2 Nc6 10. Re1 Bc5 11. d3 Qc7 12. Qe2 Re8 13. a3 a5 14. Ne5 Nxe5 15. Qxe5 Qxe5 16. Rxe5 Bd6 17. Rb5 e5 18. Bxb7 Bxb7 19. Rxb7 Rab8 20. Rxb8 Rxb8 21. Nd2 Nd7 22. Ne4 Bf8 23. b4 f5 24. Nd2 axb4 25. axb4 Bxb4 26. Nf3 Bc5 27. Ba3 Ra8 28. Bb2 Rxa1+ 29. Bxa1 h6 30. h4 Kf7 31. Kf1 Ke6 32. Ke2 Be7 33. Bb2 g5 34. hxg5 hxg5 35. Nd2 g4 36. Nb3 Nc5 37. Nxc5+ Bxc5 38. f3 gxf3+ 39. Kxf3 Bb4 40. g4 Bc3 41. gxf5+ Kxf5 42. Ba3 Ba5 43. Bd6 Ke6 44. Bb8 Bd8 45. Ba7 Bc7 46. Bc5 Kf5 47. Bf8 Ke6 48. Ke4 Bd8 49. Ba3 Bc7 50. Bc5 Bb8 51. Bb6 Kd6 52. Bd8 Ke6 53. c5 Kd7 54. Bf6 Ke6 55. Bg7 Bc7 56. Bh8 Bb8 57. Bg7 Bc7 58. Bf8 Bb8 59. Bh6 Bc7 60. Bg5 Bb8 61. Bd8 Kd7 62. Ba5 Kc6 63. Bb4 Bc7 64. Ba3 Bb8 65. Bb4 Bc7 66. Be1 Kxc5 67. Bg3 Kc6 68. Bxe5 Bxe5 69. Kxe5 Kc5 70. Ke4 Kc6 71. Kxd4 Kd6 72. Ke3 Kd5 73. Kd2 Kd4 74. Kc2 Kd5 75. Kc3 Kc5 76. Kb3 Kd4 77. Kc2 Kd5 78. Kd2 Kd4 79. Ke2 Kd5 80. Ke3 Ke5 81. d4+ Kd5 82. Kd3 Kd6 83. Kd2 Kd5 84. Kc3 Kd6 85. Kc4 Kc6 86. d5+ Kd6 87. Kd4 Kd7 88. Ke4 Kd6 89. Kd4 Kd7 90. Kc5 Kc7 91. Kc4 Kd6 92. Kd4 1/2-1/2


[Site "https://www.chess.com"]

[Event "Titled Tuesday Blitz March 14 Early 2023"]
[White "Schmakel, Sam"]
[Black "Klepikov, Nikita"]
[WhiteFideId "2039311"]
[BlackFideId "24145220"]
[WhiteElo "2356"]
[BlackElo "2025"]
[Result "1-0"]
[Round "04"]
[TimeControl "180+2"]
[Date "2023.03.14"]
[WhiteClock "0:00:44"]
[BlackClock "0:00:19"]

1. c4 e5 2. Nc3 Nf6 3. Nf3 Nc6 4. e4 Bb4 5. d3 O-O 6. Be2 Re8 7. O-O Nd4 8. Bg5 h6 9. Bxf6 gxf6 10. Nd5 Bf8 11. Nh4 c6 12. Ne3 d6 13. Bg4 Be6 14. Nhf5 c5 15. Bh3 Kh7 16. Qh5 Qd7 17. Ng4 Bxf5 18. Nxf6+ 1-0


[Site "https://www.chess.com"]

[Event "Titled Tuesday Blitz March 14 Early 2023"]
[White "Tanenbaum, Zachary"]
[Black "Perez Rodriguez, Jennifer"]
[WhiteFideId "2060850"]
[BlackFideId "3507831"]
[WhiteElo "2175"]
[BlackElo "2170"]
[Result "0-1"]
[Round "04"]
[TimeControl "180+2"]
[Date "2023.03.14"]
[WhiteClock "0:00:10"]
[BlackClock "0:00:35"]

1. e4 e5 2. Nf3 Nc6 3. Bc4 Bc5 4. c3 Nf6 5. d4 exd4 6. b4 Bb6 7. e5 Ne4 8. b5 Ne7 9. Bd3 d5 10. cxd4 Bg4 11. Be3 O-O 12. O-O f6 13. Nbd2 fxe5 14. Nxe4 dxe4 15. Bxe4 exd4 16. Bxh7+ Kxh7 17. Ng5+ Kg8 18. Qxg4 Qd5 19. Ne6 Nf5 20. Nxf8 dxe3 21. Ng6 exf2+ 22. Kh1 Re8 23. Qh5 Ng3+ 24. hxg3 Qxh5+ 25. Nh4 g5 26. a4 gxh4 27. g4 Qxg4 28. a5 h3 29. Rxf2 Bxf2 30. g3 Qf3+ 0-1


[Site "https://www.chess.com"]

[Event "Titled Tuesday Blitz March 14 Early 2023"]
[White "Lesbekova, Assel"]
[Black "Rohith Krishna S"]
[WhiteFideId "13713248"]
[BlackFideId "46617051"]
[WhiteElo "1799"]
[BlackElo "2270"]
[Result "0-1"]
[Round "04"]
[TimeControl "180+2"]
[Date "2023.03.14"]
[WhiteClock "0:00:05"]
[BlackClock "0:00:21"]

1. e4 e5 2. Nf3 Nc6 3. d4 exd4 4. Nxd4 Bc5 5. Nb3 Bb6 6. Nc3 Nge7 7. Qe2 d6 8. Be3 O-O 9. O-O-O f5 10. f3 fxe4 11. Nxe4 Bf5 12. Ng3 Bg6 13. h4 Re8 14. Bxb6 axb6 15. a3 Nf5 16. Qc4+ Bf7 17. Qf4 Nxg3 18. Qxg3 Qf6 19. Bd3 Bxb3 20. cxb3 Nd4 21. Bc4+ Kh8 22. Qg5 c5 23. Qxf6 gxf6 24. Rhe1 Re5 25. f4 Ree8 26. Kd2 Kg7 27. Bd5 Rad8 28. b4 b5 29. Bxb7 Nf5 30. h5 Ng3 31. Bc6 Rg8 32. Bxb5 cxb4 33. a4 Nxh5 34. Re7+ Kh6 35. Bc6 d5 36. Rg1 Nxf4 37. g3 Nh5 38. g4 Rg5 39. Be8 Rg7 40. Re2 Nf4 41. Rf2 Kg5 42. Bb5 Re7 43. Rgf1 Re4 44. Bd3 Rd4 45. Rxf4 Rxf4 46. Rxf4 Kxf4 47. Bxh7 Kxg4 48. a5 Ra8 49. Bg8 Rxa5 0-1


[Site "https://www.chess.com"]

[Event "Titled Tuesday Blitz March 14 Early 2023"]
[White "Fernandez Guillen, Ernesto J."]
[Black "Aung Thant Zin"]
[WhiteFideId "3512428"]
[BlackFideId "13000063"]
[WhiteElo "2423"]
[BlackElo "2278"]
[Result "1-0"]
[Round "04"]
[TimeControl "180+2"]
[Date "2023.03.14"]
[WhiteClock "0:00:09"]
[BlackClock "0:00:03"]

1. e4 c5 2. Nf3 Nc6 3. d4 cxd4 4. Nxd4 Nf6 5. Nc3 d6 6. Bc4 Qb6 7. Ndb5 a6 8. Be3 Qa5 9. Nd4 e6 10. Nb3 Qc7 11. Bd3 Be7 12. f4 b5 13. Qf3 Bb7 14. a3 O-O 15. g4 Nd7 16. g5 Nc5 17. O-O Nxd3 18. cxd3 f5 19. Rac1 Qd8 20. Qh3 Rc8 21. Rf3 Qe8 22. Rg3 g6 23. Nd4 Nxd4 24. Bxd4 Rf7 25. Rf1 Bf8 26. Re1 Qd7 27. Rge3 a5 28. exf5 exf5 29. Re6 Qc6 30. Rxg6+ Bg7 31. Rxg7+ Rxg7 32. Bxg7 Qh1+ 33. Kf2 1-0


[Site "https://www.chess.com"]

[Event "Titled Tuesday Blitz March 14 Early 2023"]
[White "Bortnyk, Olexandr"]
[Black "Kiseleva, Arina"]
[WhiteFideId "14120828"]
[BlackFideId "4164989"]
[WhiteElo "2734"]
[BlackElo "1756"]
[Result "1-0"]
[Round "04"]
[TimeControl "180+2"]
[Date "2023.03.14"]
[WhiteClock "0:03:00"]
[BlackClock "0:01:30"]

1. d4 Nf6 2. Nc3 d5 3. Bf4 c6 4. e3 Bf5 5. Nf3 e6 6. Ne5 Bd6 7. g4 Bg6 8. h4 h6 9. Nxg6 fxg6 10. Bd3 Kf7 11. Qf3 g5 12. Bxd6 Qxd6 13. hxg5 1-0


[Site "https://www.chess.com"]

[Event "Titled Tuesday Blitz March 14 Early 2023"]
[White "Shuvalov, Evgenij"]
[Black "Cornette, Matthieu"]
[WhiteFideId "4187237"]
[BlackFideId "620084"]
[WhiteElo "2080"]
[BlackElo "2478"]
[Result "0-1"]
[Round "04"]
[TimeControl "180+2"]
[Date "2023.03.14"]
[WhiteClock "0:01:07"]
[BlackClock "0:00:31"]

1. d4 Nf6 2. c4 b6 3. f3 Nc6 4. d5 Ne5 5. e4 e6 6. a3 a5 7. Be3 Bc5 8. Bxc5 bxc5 9. Nc3 O-O 10. Nh3 d6 11. Nf2 Ba6 12. b3 c6 13. dxe6 fxe6 14. Be2 Nh5 15. g3 Nxf3+ 16. Bxf3 Qf6 17. O-O Qxf3 18. Qxf3 Rxf3 19. Rac1 Rb8 20. e5 dxe5 21. Nfe4 Rxf1+ 22. Kxf1 Rxb3 23. Nxc5 Bxc4+ 24. Kg2 Rxa3 25. Kh3 Bd5 26. Nxd5 exd5 27. Ne6 Nf4+ 28. Nxf4 exf4 29. Rxc6 fxg3 30. hxg3 a4 31. Rd6 Rd3 32. Ra6 a3 33. Kg4 Kf7 34. Kf5 Rxg3 35. Ra7+ Ke8 36. Ke6 Re3+ 37. Kxd5 Kf8 38. Kd4 Rg3 39. Ke5 h5 40. Kf4 h4 41. Kf5 h3 42. Ke6 Kg8 0-1


[Site "https://www.chess.com"]

[Event "Titled Tuesday Blitz March 14 Early 2023"]
[White "Rakhmatullaev, Almas"]
[Black "Fiorito, Joaquin"]
[WhiteFideId "14205793"]
[BlackFideId "180173"]
[WhiteElo "2221"]
[BlackElo "2157"]
[Result "1-0"]
[Round "04"]
[TimeControl "180+2"]
[Date "2023.03.14"]
[WhiteClock "0:00:28"]
[BlackClock "0:00:04"]

1. e4 c6 2. Nf3 d5 3. d3 g6 4. exd5 cxd5 5. d4 Nf6 6. Bd3 Bg7 7. c3 O-O 8. O-O Nc6 9. Re1 Bf5 10. h3 Bxd3 11. Qxd3 e6 12. Bf4 a6 13. Nbd2 Nd7 14. Re2 b5 15. Rae1 b4 16. c4 dxc4 17. Qxc4 Rc8 18. Qxa6 Nxd4 19. Nxd4 Bxd4 20. Nf3 Qb6 21. Qd3 e5 22. Nxe5 Nxe5 23. Bxe5 Bxe5 24. Rxe5 Rfd8 25. Qe2 b3 26. Rb5 Qa6 27. axb3 Re8 28. Re5 Rxe5 29. Qxe5 Qb6 30. Re3 Qb4 31. Rc3 Rd8 32. Kh2 Qb7 33. h4 Qb4 34. Rh3 h5 35. Qf6 Re8 36. Rf3 Re7 37. Rd3 Re8 38. g3 Qb7 39. Rd8 Rxd8 40. Qxd8+ Kh7 41. Qd3 Qb6 42. Kg2 Qc6+ 43. Qf3 Qc7 44. b4 Kg7 45. Qc3+ Qxc3 46. bxc3 1-0


[Site "https://www.chess.com"]

[Event "Titled Tuesday Blitz March 14 Early 2023"]
[White "Zamorano, Jorge"]
[Black "Jeet, Jain"]
[WhiteFideId "173770"]
[BlackFideId "5073022"]
[WhiteElo "2331"]
[BlackElo "2067"]
[Result "1-0"]
[Round "04"]
[TimeControl "180+2"]
[Date "2023.03.14"]
[WhiteClock "0:00:58"]
[BlackClock "0:02:16"]

1. e4 c6 2. Nc3 d5 3. Nf3 Bg4 4. Be2 e6 5. d4 dxe4 6. Nxe4 Nd7 7. Nfg5 Bxe2 8. Qxe2 h6 9. Qh5 g6 10. Qh3 Bg7 11. Nd6+ Kf8 12. Ngxf7 Qa5+ 13. Bd2 Qb6 14. Nxh8 Bxh8 15. Qxe6 1-0


[Site "https://www.chess.com"]

[Event "Titled Tuesday Blitz March 14 Early 2023"]
[White "Tan, Zhongyi"]
[Black "Buksa, Nataliya"]
[WhiteFideId "8603642"]
[BlackFideId "14123622"]
[WhiteElo "2519"]
[BlackElo "2316"]
[Result "0-1"]
[Round "04"]
[TimeControl "180+2"]
[Date "2023.03.14"]
[WhiteClock "0:00:04"]
[BlackClock "0:00:17"]

1. d4 d5 2. c4 e6 3. Nc3 Nf6 4. cxd5 exd5 5. Bg5 c6 6. e3 Nbd7 7. Bd3 Be7 8. Nge2 O-O 9. O-O h6 10. Bh4 Nh5 11. Bxe7 Qxe7 12. Qd2 b5 13. Rae1 a5 14. f3 b4 15. Na4 Ba6 16. Bxa6 Rxa6 17. Nc1 c5 18. dxc5 Nxc5 19. Nxc5 Qxc5 20. Nb3 Qb5 21. Nd4 Qd7 22. Rc1 Nf6 23. Rc5 Qd6 24. Rfc1 Nd7 25. Rc7 g6 26. Qd3 Ne5 27. Qb5 Nc4 28. Rd7 Qe5 29. Re1 Rd6 30. Rxd6 Qxd6 31. b3 Ne5 32. Qxa5 Rc8 33. Qb5 Rc3 34. Qe8+ Kg7 35. Nb5 Qf6 36. Nxc3 bxc3 37. Qc8 Nd3 38. Rd1 Nb4 39. Rd4 c2 40. Kf2 Qxd4 41. exd4 c1=Q 42. Qxc1 Nd3+ 43. Ke3 Nxc1 44. b4 Nxa2 45. b5 Nb4 46. b6 Kf6 47. b7 Nc6 48. Kf4 Ke6 49. g4 g5+ 50. Ke3 Kd6 51. f4 f6 52. fxg5 fxg5 53. h4 Kc7 54. hxg5 hxg5 0-1


[Site "https://www.chess.com"]

[Event "Titled Tuesday Blitz March 14 Early 2023"]
[White "Goltsev, Dmitry"]
[Black "Karas, Marek"]
[WhiteFideId "24176710"]
[BlackFideId "14928558"]
[WhiteElo "2336"]
[BlackElo "2233"]
[Result "1/2-1/2"]
[Round "04"]
[TimeControl "180+2"]
[Date "2023.03.14"]
[WhiteClock "0:00:05"]
[BlackClock "0:00:09"]

1. e4 e6 2. d4 d5 3. exd5 exd5 4. Nf3 Nc6 5. c4 Nf6 6. Nc3 Be7 7. Bd3 O-O 8. O-O Bg4 9. Be3 Nb4 10. Be2 dxc4 11. Bxc4 Nbd5 12. Bg5 c6 13. a3 Nxc3 14. bxc3 Nd5 15. Bxe7 Nxe7 16. Re1 Nd5 17. Qd3 Nb6 18. Bb3 Bxf3 19. Qxf3 Qd7 20. Re5 Rae8 21. Rae1 Rxe5 22. Rxe5 Nc8 23. h4 Nd6 24. h5 h6 25. Qg3 Kh8 26. Qe3 Re8 27. Rxe8+ Nxe8 28. Qe5 Kg8 29. Qb8 a6 30. a4 Kf8 31. a5 Qc7 32. Qa8 Ke7 33. g3 Nf6 34. Qa7 Nd7 35. Bc4 Qb8 36. Qxb8 Nxb8 37. Kg2 Nd7 38. Kf3 c5 39. Ke4 cxd4 40. cxd4 b6 41. axb6 Nxb6 42. Bxa6 Kd6 43. Bb5 Nd5 44. Bc4 Nf6+ 45. Kf5 Ke7 46. g4 Ne8 47. Ke5 Nd6 48. Bd3 Ne8 49. f4 Nd6 50. g5 f6+ 51. gxf6+ gxf6+ 52. Kd5 Ne8 53. Bg6 Nd6 54. Kc6 Nc8 55. d5 Nd6 56. Bd3 Nc8 57. Kc7 Nd6 58. Bg6 Nc4 59. Kc6 Nd6 60. Kc5 Nc8 61. Kd4 Nd6 62. Bd3 Nc8 63. Ke4 Nd6+ 64. Kf3 Kd7 65. Ke3 Kc7 66. Kd4 Kb6 67. Bg6 Kc7 68. Kc5 Nb7+ 69. Kc4 Nd6+ 70. Kd4 Kd7 71. Bd3 Ke7 72. Kc5 Nc8 73. Bf5 Nd6 74. Be6 Nb7+ 75. Kb6 Nd6 76. Kc6 Ne4 77. Bf5 Nd6 78. Bd3 Nc8 79. Ba6 Nd6 80. Kc7 Nf7 81. Bb5 Nd6 82. Bd3 Nf7 83. Bg6 Nd6 84. Kc6 Nc4 85. Kc5 Nd6 86. Kd4 Nc8 87. Bd3 Nd6 88. Ke3 Nf7 89. Kf3 Nd6 90. Kg4 Kd7 91. Bc2 Kc7 92. Kf3 Kb6 93. Ke3 Kc5 94. Bb3 Kb4 95. Ba2 Kc5 96. Kd3 Nf5 97. Bb3 Nd6 98. Ke3 Nf5+ 99. Kf3 Nd6 100. Kg4 Kd4 101. Kf3 Kd3 102. Ba2 Kd4 103. Kg4 Ke4 104. Bb3 Kd4 105. Kf3 1/2-1/2


[Site "https://www.chess.com"]

[Event "Titled Tuesday Blitz March 14 Early 2023"]
[White "Samarth, J Rao"]
[Black "Prokofiev, Valentyn"]
[WhiteFideId "46652370"]
[BlackFideId "14160161"]
[WhiteElo "1564"]
[BlackElo "2260"]
[Result "0-1"]
[Round "04"]
[TimeControl "180+2"]
[Date "2023.03.14"]
[WhiteClock "0:00:04"]
[BlackClock "0:00:26"]

1. c4 g6 2. d4 Bg7 3. e4 c5 4. d5 d6 5. Nc3 Nf6 6. h3 O-O 7. Nf3 e6 8. Be2 exd5 9. exd5 Bf5 10. O-O Ne4 11. Nxe4 Bxe4 12. Bd3 Bxf3 13. Qxf3 Nd7 14. Qd1 Ne5 15. Be2 Qh4 16. f4 Nd7 17. Rb1 Bd4+ 18. Kh2 Rae8 19. Qd3 f5 20. Bf3 Nf6 21. g3 Qh6 22. Bd2 Ne4 23. Bxe4 fxe4 24. Qe2 e3 25. Bc1 Qg7 26. Rf3 Re4 27. b3 g5 28. fxg5 Rxf3 29. Qxf3 Re8 30. Qe2 Qg6 31. Rb2 Bxb2 32. Bxb2 Rf8 33. Bf6 Qe4 34. g4 Qf4+ 35. Kg2 Re8 36. a3 Qe4+ 37. Kg3 Qb1 38. h4 Qxb3 39. g6 hxg6 40. h5 Qb1 41. h6 Qg1+ 42. Kf4 Qf2+ 43. Qxf2 exf2 44. Kg5 f1=Q 45. Kxg6 Qd3+ 46. Kh5 Kh7 47. g5 Qh3# 0-1


[Site "https://www.chess.com"]